3AAA
GRYFINDOR BRAVES @ SUNSET DISTRICT FOG
08/08/2020
 
TOP OF THE 1ST
Gryfindor Braves batting - Pitching for Sunset District Fog : RHP Boyd Craig
Pitching: RHP Boyd Craig
Batting: RHB António Santana 0-0: Ball
1-0: Swinging Strike
1-1: Called Strike
1-2: Ball
2-2: Foul Ball, location: 2F
2-2: Foul Ball, location: 2F
2-2: Strikes out looking
Batting: RHB António Martínez 0-0: Ball
1-0: Ball
2-0: Ground out 4-3 (Groundball, 4M)
Batting: RHB Jim Unknown 0-0: Fly out, F4 (Popup, 4MD)
Top of the 1st over - 0 run(s), 0 hit(s), 0 error(s), 0 left on base; Gryfindor 0 - Sunset District 0
BOTTOM OF THE 1ST
Sunset District Fog batting - Pitching for Gryfindor Braves : RHP Jim Unknown
Pitching: RHP Jim Unknown
Batting: RHB Jim Lee 0-0: Ball
1-0: Swinging Strike
1-1: Fly out, F9 (Flyball, 89M)
Batting: SHB Al Anderson 0-0: Ball
1-0: Ball
2-0: Ball
3-0: Base on Balls
Batting: LHB Todd Williams 0-0: Ball
1-0: Fielders Choice at 2nd, 3-6 (Groundball, 3)
Batting: RHB Gabriel Maldonado 0-0: Ball
Todd Williams steals 2nd base
1-0: Reached on error, E5 (Groundball, 5S)
Todd Williams to third
Batting: LHB David Hunt 0-0: Ball
1-0: Called Strike
1-1: Ball
2-1: Ball
3-1: Called Strike
3-2: SINGLE (Groundball, 34D)
Todd Williams scores
Gabriel Maldonado to second
Gabriel Maldonado to third
Batting: SHB Brian Ray 0-0: Ball
1-0: Ball
2-0: SINGLE (Groundball, 34D)
Gabriel Maldonado scores
David Hunt to second
Runner from 2nd tries for 3rd, SAFE, throw made to third
Batting: RHB Michael Hart 0-0: Ball
1-0: Swinging Strike
1-1: Ball
2-1: Foul Ball, location: 2F
2-2: Fly out, F8 (Popup, 6MD)
Bottom of the 1st over - 2 run(s), 2 hit(s), 1 error(s), 2 left on base; Gryfindor 0 - Sunset District 2
TOP OF THE 2ND
Gryfindor Braves batting - Pitching for Sunset District Fog : RHP Boyd Craig
Batting: RHB Turner Coleman 0-0: Ball
1-0: Ground out 2-3 (Groundball, 25)
Batting: LHB Jim Unknown 0-0: Fly out, F6 (Popup, 6)
Batting: RHB Jim Unknown 0-0: Called Strike
0-1: Ball
1-1: Fly out, F8 (Line Drive, 8LM)
Top of the 2nd over - 0 run(s), 0 hit(s), 0 error(s), 0 left on base; Gryfindor 0 - Sunset District 2
BOTTOM OF THE 2ND
Sunset District Fog batting - Pitching for Gryfindor Braves : RHP Jim Unknown
Batting: RHB Rafael Najcrea 0-0: Fly out, F7 (Line Drive, 78M)
Batting: LHB Ron Frazier 0-0: Called Strike
0-1: Ball
1-1: Ball
2-1: Ground out 4-3 (Groundball, 4M)
Batting: RHB Jim Lee 0-0: Called Strike
0-1: Swinging Strike
0-2: SINGLE (Line Drive, 78M)
Batting: SHB Al Anderson 0-0: Called Strike
0-1: Ball
1-1: Called Strike
1-2: Ball
2-2: 2-RUN HOME RUN (Flyball, 8RXD) (Inside the Park)
Batting: LHB Todd Williams 0-0: Ball
1-0: Ground out U3 (Groundball, 3)
Bottom of the 2nd over - 2 run(s), 2 hit(s), 0 error(s), 0 left on base; Gryfindor 0 - Sunset District 4
TOP OF THE 3RD
Gryfindor Braves batting - Pitching for Sunset District Fog : RHP Boyd Craig
Batting: RHB Jim Unknown 0-0: Ground out U3 (Groundball, 3)
Batting: LHB Jim Unknown 0-0: SINGLE (Line Drive, 6D)
Batting: RHB Jim Unknown 0-0: Ball
1-0: SINGLE (Flyball, 78S)
Jim Unknown to second
Batting: RHB António Santana 0-0: Ball
1-0: Ball
2-0: Fly out, F2 (Popup, 2RF)
Batting: RHB António Martínez 0-0: Foul Ball, location: 2F
0-1: Ball
1-1: Ball
2-1: Ground out 6-3 (Groundball, 6MS)
Top of the 3rd over - 0 run(s), 2 hit(s), 0 error(s), 2 left on base; Gryfindor 0 - Sunset District 4
BOTTOM OF THE 3RD
Sunset District Fog batting - Pitching for Gryfindor Braves : RHP Jim Unknown
Batting: RHB Gabriel Maldonado 0-0: Fly out, F5 (Popup, 25F)
Batting: LHB David Hunt 0-0: Swinging Strike
0-1: Ball
1-1: Foul Ball, location: 2F
1-2: Foul Ball, location: 2F
1-2: SINGLE (Line Drive, 4MD)
Batting: SHB Brian Ray 0-0: Ball
1-0: Hit by Pitch
David Hunt to second
Batting: RHB Michael Hart 0-0: Ball
1-0: Called Strike
1-1: Ball
2-1: SINGLE (Groundball, 6MD)
David Hunt to third
Brian Ray to second
Runner from 3rd tries for Home, SAFE, throw made home
Brian Ray to third
Michael Hart to second
Batting: RHB Rafael Najcrea 0-0: Ball
1-0: SINGLE (Flyball, 7LS)
Brian Ray scores
Michael Hart to third
Throwing error, E7
Michael Hart scores
Rafael Najcrea to second
Pitching: RHP Joe Benítez
Batting: LHB Ron Frazier 0-0: Ground out 4-3 (Groundball, 4M)
Rafael Najcrea to third
Batting: RHB Jim Lee 0-0: Fly out, F9 (Flyball, 89M)
Bottom of the 3rd over - 3 run(s), 3 hit(s), 1 error(s), 1 left on base; Gryfindor 0 - Sunset District 7
TOP OF THE 4TH
Gryfindor Braves batting - Pitching for Sunset District Fog : RHP Boyd Craig
Batting: RHB Jim Unknown 0-0: Fly out, F8 (Line Drive, 8LM)
Batting: RHB Turner Coleman 0-0: Ball
1-0: Ball
2-0: Called Strike
2-1: Foul Ball, location: 2F
2-2: Foul Ball, location: 2F
2-2: Foul Ball, location: 2F
2-2: Fly out, F6 (Popup, 6)
Batting: LHB Jim Unknown 0-0: Swinging Strike
0-1: Ground out U3 (Groundball, 3S)
Top of the 4th over - 0 run(s), 0 hit(s), 0 error(s), 0 left on base; Gryfindor 0 - Sunset District 7
BOTTOM OF THE 4TH
Sunset District Fog batting - Pitching for Gryfindor Braves : RHP Joe Benítez
Batting: SHB Al Anderson 0-0: Ball
1-0: Ball
2-0: Fly out, F7 (Flyball, 7D)
Batting: LHB Todd Williams 0-0: Foul Ball, location: 2F
0-1: Fly out, F2 (Popup, 2LF)
Batting: RHB Gabriel Maldonado 0-0: Ball
1-0: Called Strike
1-1: Ball
2-1: Ball
3-1: Base on Balls
Batting: LHB David Hunt 0-0: Called Strike
0-1: Ball
1-1: Ground out 6-3 (Groundball, 6)
Bottom of the 4th over - 0 run(s), 0 hit(s), 0 error(s), 1 left on base; Gryfindor 0 - Sunset District 7
TOP OF THE 5TH
Gryfindor Braves batting - Pitching for Sunset District Fog : RHP Boyd Craig
Batting: RHB Jim Unknown 0-0: Swinging Strike
0-1: DOUBLE (Groundball, 5L)
Batting: RHB Jim Unknown 0-0: Called Strike
0-1: SINGLE (Line Drive, 8LS)
Jim Unknown to third
Batting: LHB Jim Unknown 0-0: Called Strike
0-1: Called Strike
0-2: Ball
1-2: Foul Ball, location: 2F
1-2: Ball
Wild Pitch!
Jim Unknown scores
Jim Unknown to second
2-2: Foul Ball, location: 2F
2-2: Foul Ball, location: 2F
2-2: Ball
3-2: Fly out, F7 (Flyball, 7LM)
Batting: RHB Jim Unknown 0-0: Ball
1-0: SINGLE (Groundball, 6) (infield hit)
Jim Unknown to third
Batting: RHB António Santana 0-0: Fly out, F7 (Popup, 56D)
Batting: RHB António Martínez 0-0: Ball
1-0: Swinging Strike
1-1: Foul Ball, location: 2F
1-2: Ball
2-2: Strikes out swinging
Top of the 5th over - 1 run(s), 3 hit(s), 0 error(s), 2 left on base; Gryfindor 1 - Sunset District 7
BOTTOM OF THE 5TH
Sunset District Fog batting - Pitching for Gryfindor Braves : RHP Joe Benítez
Batting: SHB Brian Ray 0-0: Called Strike
0-1: Called Strike
0-2: Ball
1-2: Strikes out swinging
Batting: RHB Michael Hart 0-0: Called Strike
0-1: Foul Ball, location: 2F
0-2: Foul Ball, location: 2F
0-2: Ball
1-2: Ball
2-2: Ball
3-2: Ground out 6-3 (Groundball, 6M)
Batting: RHB Rafael Najcrea 0-0: Called Strike
0-1: Ball
1-1: SINGLE (Line Drive, 6M)
Batting: LHB Ron Frazier 0-0: Fly out, F7 (Flyball, 7LDF)
Bottom of the 5th over - 0 run(s), 1 hit(s), 0 error(s), 1 left on base; Gryfindor 1 - Sunset District 7
TOP OF THE 6TH
Gryfindor Braves batting - Pitching for Sunset District Fog : RHP Boyd Craig
Batting: RHB Jim Unknown 0-0: Ball
1-0: Called Strike
1-1: Foul Ball, location: 2F
1-2: Ball
2-2: Strikes out looking
Batting: RHB Turner Coleman 0-0: Foul Ball, location: 2F
0-1: Ground out 1-3 (Groundball, 15)
Batting: LHB Jim Unknown 0-0: Swinging Strike
0-1: Ball
1-1: Ground out U3 (Groundball, 3L)
Top of the 6th over - 0 run(s), 0 hit(s), 0 error(s), 0 left on base; Gryfindor 1 - Sunset District 7
BOTTOM OF THE 6TH
Sunset District Fog batting - Pitching for Gryfindor Braves : RHP Joe Benítez
Batting: RHB Jim Lee 0-0: Called Strike
0-1: Swinging Strike
0-2: Ball
1-2: Foul Ball, location: 2F
1-2: Ball
2-2: Strikes out swinging
Batting: SHB Al Anderson 0-0: Ball
1-0: Foul Ball, location: 2F
1-1: Ball
2-1: Ball
3-1: SINGLE (Line Drive, 4D)
Batting: LHB Todd Williams 0-0: Ball
1-0: 2-RUN HOME RUN (Flyball, 89XD), Distance : 433 ft
Batting: RHB Gabriel Maldonado 0-0: Ground out 5-3 (Groundball, 5L)
Batting: LHB David Hunt 0-0: Called Strike
0-1: Called Strike
0-2: Ground out 4-3 (Groundball, 4)
Bottom of the 6th over - 2 run(s), 2 hit(s), 0 error(s), 0 left on base; Gryfindor 1 - Sunset District 9
TOP OF THE 7TH
Gryfindor Braves batting - Pitching for Sunset District Fog : RHP Boyd Craig
Batting: RHB Jim Unknown 0-0: Ball
1-0: Ball
2-0: Ball
3-0: Base on Balls
Batting: RHB Jim Unknown 0-0: Ball
1-0: Called Strike
1-1: Foul Ball, location: 2F
1-2: Ball
2-2: Ball
3-2: Fly out, F7 (Flyball, 7S)
Batting: LHB Jim Unknown 0-0: Called Strike
0-1: Ball
1-1: Called Strike
1-2: SINGLE (Groundball, 5D)
Jim Unknown to second
Batting: RHB Jim Unknown 0-0: Hit by Pitch
Jim Unknown to third
Jim Unknown to second
Batting: RHB António Santana 0-0: Ball
1-0: Ball
2-0: Grounds into double play, 4-6-3 (Groundball, 34)
Top of the 7th over - 0 run(s), 1 hit(s), 0 error(s), 2 left on base; Gryfindor 1 - Sunset District 9
BOTTOM OF THE 7TH
Sunset District Fog batting - Pitching for Gryfindor Braves : RHP Joe Benítez
Batting: SHB Brian Ray 0-0: Swinging Strike
0-1: Foul Ball, location: 2F
0-2: Ball
1-2: Ball
2-2: Strikes out swinging
Batting: RHB Michael Hart 0-0: Swinging Strike
0-1: Ball
1-1: Ball
2-1: Called Strike
2-2: Strikes out looking
Batting: RHB Rafael Najcrea 0-0: SINGLE (Popup, 8RS)
Batting: LHB Ron Frazier 0-0: Ball
1-0: Ball
2-0: Ground out 4-3 (Groundball, 4)
Bottom of the 7th over - 0 run(s), 1 hit(s), 0 error(s), 1 left on base; Gryfindor 1 - Sunset District 9
TOP OF THE 8TH
Gryfindor Braves batting - Pitching for Sunset District Fog : RHP Boyd Craig
Batting: RHB António Martínez 0-0: Ball
1-0: Ball
2-0: Fly out, F3 (Popup, 3D)
Batting: RHB Jim Unknown 0-0: Foul Ball, location: 2F
0-1: Ground out 6-3 (Groundball, 6)
Batting: RHB Turner Coleman 0-0: Called Strike
0-1: Foul Ball, location: 2F
0-2: Foul Ball, location: 2F
0-2: Ball
1-2: SINGLE (Line Drive, 6MD)
Batting: LHB Jim Unknown 0-0: Called Strike
0-1: Called Strike
0-2: Strikes out looking
Top of the 8th over - 0 run(s), 1 hit(s), 0 error(s), 1 left on base; Gryfindor 1 - Sunset District 9
BOTTOM OF THE 8TH
Sunset District Fog batting - Pitching for Gryfindor Braves : RHP Joe Benítez
Pitching: LHP Jim Unknown
Batting: RHB Jim Lee 0-0: Ball
1-0: Ball
2-0: Swinging Strike
2-1: Fly out, F9 (Flyball, 9LM)
Batting: SHB Al Anderson 0-0: Called Strike
0-1: Foul Ball, location: 2F
0-2: Ball
1-2: Ground out 6-3 (Groundball, 6)
Batting: LHB Todd Williams Single, Error in OF, E8, batter to second base
Batting: RHB Gabriel Maldonado 0-0: Ball
1-0: Ball
2-0: Ball
3-0: Called Strike
3-1: SINGLE (Line Drive, 4MD)
Todd Williams to third
Runner from 3rd tries for Home, SAFE, no throw or cutoff
Batting: LHB David Hunt 0-0: Ball
1-0: Foul Ball, location: 2F
1-1: Foul Ball, location: 2F
1-2: Fly out, F8 (Flyball, 8LD)
Bottom of the 8th over - 1 run(s), 2 hit(s), 1 error(s), 1 left on base; Gryfindor 1 - Sunset District 10
TOP OF THE 9TH
Gryfindor Braves batting - Pitching for Sunset District Fog : RHP Boyd Craig
Batting: RHB Jim Unknown 0-0: Foul Ball, location: 2F
0-1: Hit by Pitch
Batting: RHB Jim Unknown 0-0: Grounds into double play, U4-3 (Groundball, 4M)
Batting: LHB Jim Unknown 0-0: Ball
1-0: Foul Ball, location: 2F
1-1: Fly out, F7 (Flyball, 7LSF)
Top of the 9th over - 0 run(s), 0 hit(s), 0 error(s), 0 left on base; Gryfindor 1 - Sunset District 10
This league is powered by Out of the Park Baseball, the baseball management simulation game for PC, Mac and Linux
Friday, October 23rd, 2015 - OOTP Baseball 16.9 Build 39